Map: Acid Plant LE

Players

AndyPandy

  • Race: Zerg Zerg
  • League: Diamond
  • Spawn Location: 5:00

Echo - Winner!

  • Race: Zerg Zerg
  • League: Diamond
  • Spawn Location: 11:00

VOD

Have the link to the VOD?

Description

I play as Echo in this game and i felt really behind for most of this game. not sure how it turned around :/ hopefully this is the right replay

Time

  • Played on: March 18, 2018, 10:44 a.m.
  • Length: 10:53
Show
View Real Time Build Order
Export as new Build Order

AndyPandy Zerg 

Build Orders: Pool First 

Get SALT Encoding   

  12  0:01  Drone  
  13  0:22  Spawning Pool  
  13  0:25  Extractor  
  13  0:28  Drone  
  12  0:33  Drone  
  13  0:41  Overlord  
  13  0:52  Drone  
  14  1:09  Queen  
  14  1:10  Zergling x2  
  17  1:12  Zergling x2  
  17  1:17  Zergling x2  
  19  1:26  Metabolic Boost  
  19  1:31  Zergling x2  
  20  1:38  Overlord  
  20  2:04  Hatchery  
  20  2:05  Zergling x2  
  20  2:10  Zergling x2  
  20  2:14  Zergling x2  
  22  2:18  Zergling x2  
  22  2:22  Zergling x2  
  24  2:26  Zergling x2  
  25  2:30  Zergling x2  
  26  2:41  Zergling x2  
  28  2:44  Zergling x2  
  28  2:50  Overlord  
  28  2:54  Zergling x4  
  23  3:20  Zergling x2  
  23  3:21  Zergling x10  
  29  3:32  Drone  
  29  3:33  Drone  
  31  3:38  Roach Warren  
  26  3:51  Queen  
  28  4:05  Spine Crawler  
  26  4:19  Spine Crawler  
  25  4:28  Roach  
  25  4:29  Roach  
  29  4:38  Roach  
  21  4:57  Drone x2  
  19  5:07  Drone  
  21  5:14  Drone  
  21  5:15  Drone  
  22  5:24  Drone  
  22  5:26  Drone  
  24  5:34  Roach  
  26  5:42  Drone x2  
  28  5:47  Drone x3  
  31  5:52  Roach  
  33  6:01  Drone  
  33  6:02  Drone x2  
  36  6:07  Queen  
  38  6:16  Queen  
  40  6:33  Drone x4, Evolution Chamber  
  40  6:34  Spine Crawler  
  40  6:39  Extractor, Overlord  
  41  6:55  Roach  
  41  6:56  Overlord  
  43  7:04  Lair  
  43  7:05  Drone x2  
  43  7:06  Drone  
  46  7:10  Extractor  
  46  7:12  Extractor  
  44  7:23  Drone x3  
  44  7:25  Drone x3  
  50  7:38  Drone x5  
  55  7:49  Zerg Missile Weapons Level 1  
  55  7:50  Roach x2  
  59  8:02  Glial Reconstitution, Spire  
  58  8:22  Hydralisk Den  
  58  8:28  Roach  
  58  8:29  Overlord x4  
  60  8:49  Roach, Extractor  
  60  8:50  Roach x6  
  74  9:07  Roach x2  
  75  9:17  Lurker Den  
  68  9:28  Roach  
  68  9:29  Roach x6  
  58  9:38  Roach x4  
  58  9:39  Roach  
  58  9:44  Roach x3  
  62  9:46  Queen  
  62  9:48  Roach  
  53  10:04  Roach x3  
  40  10:14  Roach x2  
  40  10:15  Roach  
  40  10:16  Roach  
  45  10:28  Drone x2  
Show
View Real Time Build Order
Export as new Build Order

Echo Zerg - Winner!

Build Orders: Hatch First, Zergling Baneling 

Get SALT Encoding   

  12  0:05  Drone  
  13  0:12  Overlord  
  13  0:21  Drone  
  14  0:33  Drone x2  
  16  0:38  Drone  
  17  0:52  Drone  
  18  0:58  Hatchery  
  17  1:06  Extractor  
  17  1:07  Drone  
  17  1:21  Spawning Pool  
  17  1:23  Drone x2  
  18  1:32  Drone  
  19  1:42  Overlord  
  19  1:53  Drone  
  20  2:04  Drone  
  20  2:08  Queen, Metabolic Boost  
  23  2:11  Queen  
  25  2:17  Drone  
  25  2:19  Zergling x2  
  25  2:22  Zergling x2  
  28  2:29  Baneling Nest  
  27  2:40  Zergling x6  
  27  2:43  Zergling x2  
  31  2:53  Zergling x4  
  33  2:59  Spine Crawler  
  32  3:05  Zergling x4  
  24  3:20  Baneling x2  
  24  3:22  Zergling x12  
  27  3:30  Zergling x2  
  27  3:31  Zergling x2  
  28  3:45  Baneling  
  28  3:46  Baneling x5  
  28  3:50  Drone  
  28  3:52  Overlord  
  29  4:13  Hatchery  
  28  4:21  Drone  
  29  4:25  Drone x2  
  29  4:30  Drone  
  28  4:58  Zergling x8  
  27  5:14  Evolution Chamber, Drone x2, Roach Warren  
  26  5:15  Drone  
  28  5:26  Queen  
  28  5:27  Drone x2  
  32  5:33  Extractor  
  31  5:40  Drone x4  
  35  5:47  Drone  
  36  5:52  Lair  
  36  5:55  Drone  
  37  5:58  Drone  
  38  6:07  Drone  
  38  6:08  Drone x3  
  38  6:10  Drone  
  43  6:16  Drone  
  44  6:26  Overlord  
  44  6:29  Zerg Missile Weapons Level 1  
  44  6:38  Spine Crawler  
  43  6:40  Drone  
  43  6:44  Drone x7  
  51  6:47  Overlord  
  51  6:55  Drone  
  51  7:00  Extractor  
  51  7:01  Extractor  
  51  7:02  Glial Reconstitution  
  51  7:04  Roach  
  52  7:09  Roach x4  
  60  7:26  Overlord x2  
  60  7:43  Spire  
  59  7:47  Overseer  
  59  7:52  Roach x4  
  59  7:53  Roach x4  
  75  8:02  Overlord  
  75  8:22  Hatchery  
  75  8:25  Roach x5  
  84  8:28  Overlord x3  
  81  8:59  Ravager x11  
  81  9:02  Ravager  
  93  9:05  Drone x4  
  93  9:06  Drone x7  
  93  9:08  Spore Crawler  
  103  9:10  Spore Crawler  
  75  9:50  Ravager  
  62  10:16  Extractor, Mutalisk x8, Spore Crawler  
  74  10:24  Zergling x2  
  74  10:25  Zergling x10  
  74  10:31  Extractor, Overlord  
Tags
 
Add a new tag
Caveats
  • Supply blocks, unpowered buildings, or Contaminate may cause inaccurate times.
  • Supply counts are checked every 10 seconds.